 Dungeon Crawl Stone Soup version 0.16-a0-3712-g87ae24a (webtiles) character file.

29029 BluebellGnoll the Severer (level 13, -9/118 HPs)
             Began as a Minotaur Gladiator on Jan 20, 2015.
             Was a High Priest of Makhleb.
             Killed from afar by Fannar (40 damage)
             ... with a bolt of cold
             ... on level 8 of the Lair of Beasts.
             The game lasted 00:47:19 (13869 turns).

BluebellGnoll the Severer (Minotaur Gladiator)     Turns: 13869, Time: 00:47:20

Health: -9/118     AC: 12    Str: 32    XL:     13   Next: 13%
Magic:  24/24      EV: 12    Int:  8    God:    Makhleb [*****.]
Gold:   713        SH:  7    Dex: 12    Spells: 0 memorised, 12 levels left

rFire  + + .     SeeInvis .     S - +8 war axe "Hydrabane" {chop, Str+3}
rCold  . . .     Clarity  .     W - +3 scale mail {rF+}
rNeg   . . .     SustAb   .     t - +2 buckler
rPois  +         Gourm    .     c - +0 hat
rElec  +         Spirit   .     q - +0 cloak (curse)
rCorr  +         Warding  .     R - +0 pair of gloves
rMut   .         Stasis   .     (no boots)
MR     .....                    r - amulet of resist corrosion
Stlth  ..........               s - +5 ring of strength
                                V - ring "Imiggiqu" {+Fly rElec rPois+ rF+ Int+3}

@: not resistant to hostile enchantments, extremely unstealthy
A: retaliatory headbutt, horns 2
a: Minor Destruction, Lesser Servant of Makhleb, Major Destruction, Greater
Servant of Makhleb, Renounce Religion, Evoke Flight


You were on level 8 of the Lair of Beasts.
You worshipped Makhleb.
Makhleb was extremely pleased with you.
You were not hungry.

You visited 3 branches of the dungeon, and saw 17 of its levels.

You collected 1012 gold pieces.
You spent 299 gold pieces at shops.

Inventory:

Hand weapons
 S - the +8 war axe "Hydrabane" (weapon) {chop, Str+3}
   (You found it on level 2 of the Lair of Beasts)

   It inflicts extra damage upon your enemies.
   It affects your strength (+3).
Missiles
 d - 3 throwing nets
 C - 12 javelins (quivered)
Armour
 c - a +0 hat (worn)
 q - a cursed +0 cloak (worn)
 t - a +2 buckler (worn)
 R - a +0 pair of gloves (worn)
 W - a +3 scale mail of fire resistance (worn)
Jewellery
 r - an amulet of resist corrosion (around neck)
 s - a +5 ring of strength (right hand)
 A - an uncursed ring of stealth
 E - an uncursed amulet of resist mutation
 I - an uncursed amulet of stasis
 K - an uncursed ring of see invisible
 V - the ring "Imiggiqu" (left hand) {+Fly rElec rPois+ rF+ Int+3}
   (You found it on level 2 of the Lair of Beasts)

   [ring of intelligence]

   It affects your intelligence (+3).
   It protects you from fire.
   It insulates you from electricity.
   It protects you from poison.
   It lets you fly.
Magical devices
 a - a wand of flame (14)
 y - a wand of disintegration (11)
 M - a wand of flame (24)
 U - a wand of teleportation (8)
Scrolls
 e - 3 scrolls of magic mapping
 g - 2 scrolls of recharging
 i - a scroll of enchant armour
 m - 9 scrolls of remove curse {unknown}
 z - a scroll of summoning
 H - 3 scrolls of fear
 X - 6 scrolls of teleportation
Potions
 b - a potion of ambrosia {unknown}
 h - 3 potions of heal wounds
 j - 2 potions of restore abilities
 k - 11 potions of curing
 o - 6 potions of haste
 u - a potion of mutation {unknown}
 w - a potion of degeneration {unknown}
 D - a potion of lignification
 J - a potion of berserk rage
 L - a potion of resistance {unknown}
 O - 3 potions of agility
 Q - 3 potions of flight
Books
 l - a book of Cantrips

   Spells                             Type                      Level
   a - Corona                         Hexes                        1
   b - Animate Skeleton               Necromancy                   1
   c - Summon Small Mammal            Summoning                    1
   d - Apportation                    Translocation                1
Miscellaneous
 n - a plain deck of escape
Comestibles
 f - 9 bread rations
 p - 9 meat rations
 v - a slice of pizza
 B - a beef jerky
 F - 3 fruits
 G - 7 chunks of flesh


   Skills:
 - Level 12.0 Fighting
 + Level 15.2 Axes
 - Level 7.4 Throwing
 - Level 5.2 Armour
 - Level 3.2 Dodging
 - Level 6.1 Shields
 - Level 10.6 Invocations
 * Level 5.2 Evocations


You had 12 spell levels left.
You didn't know any spells.

Dungeon Overview and Level Annotations

Branches:
Dungeon (9/15)             Temple (1/1) D:5            Lair (8/8) D:8
 Shoals (0/5) Lair:3       Spider (0/5) Lair:3
  Slime: Lair:6-8       Orc: D:9-12

Altars:
Cheibriados
Dithmenos
Elyvilon
Fedhas
Gozag
Kikubaaqudgha
Makhleb
Nemelex Xobeh
Okawaru
Qazlal
Ru
Sif Muna
Vehumet
Xom
Yredelemnul
Zin
The Shining One

Shops:
D:5 (   D:6 :[!}

Annotations:
Lair:8 Fannar


Innate Abilities, Weirdness & Mutations

You reflexively headbutt those who attack you in melee.
You have a pair of horns on your head.


Message History

Fannar is lightly wounded.
You slash the ice beast!
The ice beast is heavily wounded.
You hit the fungus.
The fungus is lightly damaged.
The ice beast misses you. Fannar barely misses you. Fannar blocks your attack.
Your headbutt misses Fannar.
Fannar is lightly wounded.
You slash the fungus!
The fungus is heavily damaged.
You slash the ice beast!
You kill the ice beast!
Unknown command.
Fannar blocks your attack.
Your headbutt misses Fannar.
Fannar is lightly wounded.
You hit the fungus.
The fungus is severely damaged.
Fannar gestures at you while chanting. The bolt of cold hits you!
You die...

##..........#
#..........##
##..........##
#..........P#
#........P.##
##.......PP##
#.......P.P##
##.P.....P.P##
#.#...?@....#
######..e......P
#....(....P
#......(....
..........(PP
.............
#...........
#...#..... ###.


You could see Fannar.

Vanquished Creatures
  Maud (Lair:5)
  A hydra (Lair:3)
  The ghost of afd the Arsonist, a powerful OpFE of Vehumet (Lair:1)
  A death yak (Lair:4)
  The ghost of Mygna the Cleaver, an experienced FoFi of Zin (D:6)
  Pikel (D:7)
  A griffon (Lair:3)
  A manticore (Lair:3)
  10 elephants
  10 spiny frogs
  4 black mambas
  3 komodo dragons
  A fire drake (Lair:4)
  A troll (D:9)
  A blink frog (Lair:5)
  5 wandering mushrooms (Lair:3)
  4 trapdoor spiders (Lair:3)
  13 yaks
  3 basilisks
  The ghost of Skiberibeda the Chopper, an average HOBe of Trog (D:4)
  3 wyverns
  7 hippogriffs
  A hungry ghost (D:8)
  Edmund (D:8)
  10 wolves
  10 water moccasins
  11 porcupines
  3 orc warriors
  2 ice beasts
  2 slaves (D:7)
  A phantom (D:8)
  A sky beast (D:9)
  3 ogres
  6 crocodiles
  2 centaurs
  2 big kobolds
  19 giant frogs
  3 wights (D:8)
  9 killer bees
  2 goliath beetles
  A centaur zombie (D:7)
  5 jellies
  A quasit (D:7)
  2 crimson imps
  3 hounds
  4 orc priests
  A giant frog skeleton (D:6)
  A gnoll shaman (D:9)
  3 worker ants
  2 iguanas
  2 spectral orcs (Lair:4)
  7 orc wizards
  A hound zombie (D:6)
  4 sheep (Lair:6)
  A hound skeleton (D:7)
  11 gnolls
  10 adders
  A shadow imp (D:5)
  20 river rats
  4 worms
  2 giant mites
  2 adder skeletons
  6 giant geckos
  6 oozes
  37 orcs
  2 bat skeletons
  2 bat zombies (D:8)
  2 giant cockroaches
  15 hobgoblins
  7 jackals
  17 quokkas
  16 bats
  A giant gecko zombie (D:7)
  11 giant newts
  15 goblins
  A jackal skeleton (D:4)
  A jackal zombie (D:3)
  21 kobolds
  A quokka skeleton (D:5)
  9 rats
  6 fungi
  2 plants
428 creatures vanquished.

Vanquished Creatures (collateral kills)
  Nergalle (Lair:4)
  A spiny frog (Lair:3)
  A komodo dragon (Lair:3)
  A spectral orc (Lair:4)
  3 blink frogs (Lair:5)
  An adder (Lair:5)
8 creatures vanquished.

Vanquished Creatures (others)
  2 slaves (D:7)
  A killer bee (D:7)
  2 fungi
5 creatures vanquished.

Grand Total: 441 creatures vanquished

Notes
Turn   | Place    | Note
--------------------------------------------------------------
     0 | D:1      | BluebellGnoll, the Minotaur Gladiator, began the quest for the Orb.
     0 | D:1      | Reached XP level 1. HP: 18/18 MP: 1/1
    45 | D:1      | Reached skill level 4 in Axes
   283 | D:1      | Reached XP level 2. HP: 19/25 MP: 1/1
   443 | D:1      | Reached skill level 5 in Axes
   726 | D:1      | Reached XP level 3. HP: 24/30 MP: 2/2
  1218 | D:2      | Reached skill level 1 in Armour
  1539 | D:2      | Reached XP level 4. HP: 37/37 MP: 2/2
  1909 | D:3      | Reached XP level 5. HP: 23/42 MP: 2/2
  2226 | D:4      | Found a shimmering altar of Xom.
  2226 | D:4      | Found a basalt altar of Yredelemnul.
  2226 | D:4      | Found a glowing golden altar of the Shining One.
  2226 | D:4      | Found a glowing silver altar of Zin.
  2265 | D:4      | Reached skill level 5 in Armour
  2334 | D:4      | Noticed an ogre
  2342 | D:4      | Killed an ogre
  2342 | D:4      | Reached XP level 6. HP: 29/51 MP: 3/3
  2466 | D:4      | Noticed Skiberibeda's ghost (average HOBe)
  2474 | D:4      | Killed Skiberibeda's ghost
  2779 | D:4      | Reached XP level 7. HP: 57/60 MP: 3/3
  3029 | D:5      | Entered Level 5 of the Dungeon
  3057 | D:5      | Found a white marble altar of Elyvilon.
  3087 | D:5      | Reached skill level 5 in Fighting
  3364 | D:5      | Found Kliz's Antique Weapon Emporium.
  3422 | D:5      | Found a snail-covered altar of Cheibriados.
  3436 | D:5      | Reached skill level 6 in Axes
  3878 | D:5      | Found a staircase to the Ecumenical Temple.
  4049 | D:6      | Found Lajesegieq's Distillery.
  4072 | D:6      | Found Fibeq's Armour Shop.
  4288 | D:6      | Found Khimisae's Quality Used Wands.
  4326 | D:6      | Reached skill level 7 in Axes
  4326 | D:6      | Reached XP level 8. HP: 25/71 MP: 3/3
  4721 | D:5      | Bought a crystal battleaxe for 299 gold pieces
  4721 | D:5      | Identified the +0 battleaxe "Shitasm" {chop, Dex+2} (You bought it in a shop on level 5 of the Dungeon)
  5276 | D:6      | Found Tafriqod's Book Boutique.
  5414 | D:6      | Noticed Mygna's ghost (experienced FoFi)
  5422 | D:6      | Killed Mygna's ghost
  5422 | D:6      | Reached skill level 9 in Fighting
  5629 | D:6      | Found a sparkling altar of Nemelex Xobeh.
  5632 | D:6      | Found a sacrificial altar of Ru.
  5685 | Temple   | Entered the Ecumenical Temple
  5811 | Temple   | Became a worshipper of Makhleb the Destroyer
  6096 | D:7      | Got an ancient spear
  6139 | D:7      | Noticed Pikel
  6149 | D:7      | Reached XP level 9. HP: 47/84 MP: 4/4
  6150 | D:7      | Killed Pikel
  6150 | D:7      | Reached skill level 10 in Fighting
  6336 | D:7      | Acquired Makhleb's first power
  6482 | D:7      | Reached skill level 10 in Axes
  6984 | D:8      | Reached skill level 11 in Fighting
  7127 | D:8      | Acquired Makhleb's second power
  7157 | D:8      | Found a deep blue altar of Sif Muna.
  7171 | D:8      | Found a staircase to the Lair.
  7242 | D:8      | Found a stormy altar of Qazlal.
  7461 | D:8      | Found a burning altar of Makhleb.
  7601 | D:8      | Reached XP level 10. HP: 77/96 MP: 4/4
  7767 | D:8      | Noticed Edmund
  7773 | D:8      | Killed Edmund
  7995 | D:9      | Acquired Makhleb's third power
  7999 | D:9      | Reached skill level 12 in Axes
  8250 | D:9      | Found a blossoming altar of Fedhas.
  8384 | D:9      | Acquired Makhleb's fourth power
  8456 | D:9      | Found an opulent altar of Gozag.
  8663 | Lair:1   | Entered Level 1 of the Lair of Beasts
  8823 | Lair:1   | Noticed afd's ghost (powerful OpFE)
  8831 | Lair:1   | Killed afd's ghost
  8857 | Lair:1   | Reached skill level 5 in Invocations
  9466 | Lair:2   | Got a brightly glowing war axe
  9467 | Lair:2   | Identified the +8 war axe "Hydrabane" {chop, Str+3} (You found it on level 2 of the Lair of Beasts)
  9559 | Lair:2   | Reached XP level 11. HP: 99/104 MP: 17/17
  9697 | Lair:2   | Noticed a black mamba
  9702 | Lair:2   | Killed a black mamba
  9736 | Lair:2   | Got a sparkling iron ring
  9771 | Lair:2   | Identified the ring "Imiggiqu" {+Fly rElec rPois+ rF+ Int+3} (You found it on level 2 of the Lair of Beasts)
  9976 | Lair:2   | Identified the +4 spear "Clotyl" {pierce, +Inv rF+ Dex+2} (You found it on level 7 of the Dungeon)
 10060 | Lair:3   | Found a staircase to the Shoals.
 10105 | Lair:3   | Acquired Makhleb's fifth power
 10303 | Lair:3   | Noticed an eight-headed hydra
 10309 | Lair:3   | Killed an eight-headed hydra
 10309 | Lair:3   | Reached skill level 10 in Invocations
 10327 | Lair:3   | Got a faintly humming cloak
 10345 | Lair:3   | Identified the +4 cloak "Twixtoit" {rPois+ rC- HP+9 Str+3 Dex-4 Slay+4} (You found it on level 3 of the Lair of Beasts)
 10506 | Lair:3   | Found a hole to the Spider Nest.
 10520 | Lair:3   | Reached skill level 1 in Shields
 10655 | Lair:3   | Reached skill level 5 in Throwing
 10680 | Lair:3   | Reached XP level 12. HP: 112/112 MP: 23/23
 10707 | Lair:3   | Reached skill level 5 in Shields
 11344 | Lair:4   | Reached skill level 1 in Evocations
 11602 | Lair:4   | Reached skill level 13 in Axes
 12040 | Lair:4   | Noticed Nergalle
 12079 | Lair:4   | Killed Nergalle
 12688 | Lair:5   | Reached skill level 14 in Axes
 12815 | Lair:5   | Noticed Maud
 12826 | Lair:5   | Killed Maud
 13488 | Lair:6   | Reached XP level 13. HP: 118/118 MP: 24/24
 13629 | Lair:6   | Found a burning altar of Makhleb.
 13647 | Lair:6   | Reached skill level 5 in Evocations
 13660 | Lair:6   | Reached skill level 15 in Axes
 13849 | Lair:6   | You fall through a shaft for 2 floors!
 13849 | Lair:8   | Entered Level 8 of the Lair of Beasts
 13858 | Lair:8   | Noticed Fannar
 13869 | Lair:8   | Killed from afar by Fannar

Action                   |  1- 3 |  4- 6 |  7- 9 | 10-12 | 13-15 || total
-------------------------+-------+-------+-------+-------+-------++-------
Melee: War axe           |   104 |    83 |    84 |   307 |    46 ||   624
       Battleaxe         |       |       |   170 |   115 |       ||   285
Throw: Javelin           |       |     9 |    30 |    84 |     8 ||   131
Invok: Greater Servant o |       |       |       |     2 |       ||     2
  Use: Potion            |       |     1 |     1 |     2 |       ||     4
       Scroll            |       |       |     6 |    23 |       ||    29
 Stab: Distracted        |       |       |       |     1 |       ||     1
  Eat: Chunk             |     2 |     4 |    16 |    19 |     2 ||    43
